 Dungeon Crawl Stone Soup version 0.21.0-3-g78d12a8bdd (webtiles) character file.

618 KarvaRausku the Skirmisher (level 7, -1/60 HPs)
             Began as a Green Draconian Transmuter on Jan 11, 2018.
             Was an Initiate of Sif Muna.
             Slain by a scorpion zombie (6 damage)
             ... in an ossuary.
             The game lasted 00:10:04 (4954 turns).

KarvaRausku the Skirmisher (DrTm)                   Turns: 4954, Time: 00:10:05

Health: -1/60      AC:  7    Str: 13    XL:     7   Next: 21%
Magic:  11/12      EV: 13    Int: 18    God:    Sif Muna [......]
Gold:   250        SH:  0    Dex: 13    Spells: 9/13 levels left

rFire    + + .     SeeInvis .     - Unarmed
rCold    + + .     Gourm    .   (no shield)
rNeg     . . .     Faith    .   (armour unavailable)
rPois    +         Spirit   .   m - +1 hat
rElec    +         Reflect  .   n - scarf {rC+ rF+}
rCorr    +         Harm     .   (no gloves)
MR       .....                  (boots currently unavailable)
Stlth    +.........             u - amulet of inaccuracy (curse)
HPRegen  0.20/turn              (no ring)
MPRegen  0.13/turn              (no ring)

@: brilliant, lethally poisoned (-1 -> -3), appendage, resistant
A: breathe noxious fumes, unfitting armour, talons 3, poison resistance,
cold-blooded, AC +6
a: Breathe Noxious Fumes, End Transformation, Renounce Religion


You were in an ossuary.
You worshipped Sif Muna.
Sif Muna was noncommittal.
You were not hungry.
You had grown temporary talons.
You visited 2 branches of the dungeon, and saw 6 of its levels.
You also visited: Ossuary.

You collected 250 gold pieces.

Inventory:

Hand Weapons
 h - a +1 hunting sling
 l - a +0 hunting sling
 p - the +9 spear of Honour {drain, Fragile +Blink MP+9 Str+8, unknown}
   (You found it on level 4 of the Dungeon)

   A truly terrible weapon, it drains the life of those it strikes.
   It affects your strength (+8).
   It affects your magic capacity (+9).
   It lets you blink.
   It will be destroyed if unequipped.
Missiles
 a - 38 arrows
Armour
 j - a +1 robe of fire resistance
 m - a +1 hat (worn)
 n - a scarf of resistance (worn)
Jewellery
 u - a cursed amulet of inaccuracy (around neck)
Scrolls
 e - 2 scrolls of blinking
 g - 6 scrolls of identify
 i - a scroll of immolation
 o - a scroll of fog
 x - 4 scrolls of teleportation
 y - 2 scrolls of amnesia
Potions
 d - 2 potions of magic
 k - a potion of haste {unknown}
 q - a potion of lignification {unknown}
 v - a potion of heal wounds {unknown}
Books
 b - a book of Changes

   Spells                             Type                      Level
   a - Beastly Appendage              Transmutation                1
   b - Sticks to Snakes               Transmutation                2
   c - Spider Form                    Transmutation/Poison         3
   d - Ice Form                       Ice/Transmutation            4
   e - Blade Hands                    Transmutation                5
 w - a book of Minor Magic

   Spells                             Type                      Level
   a - Magic Dart                     Conjuration                  1
   b - Blink                          Translocation                2
   c - Call Imp                       Summoning                    2
   d - Slow                           Hexes                        2
   e - Conjure Flame                  Conjuration/Fire             3
   f - Mephitic Cloud                 Conjuration/Poison/Air       3
Comestibles
 c - 6 rations


   Skills:
 * Level 4.4 Fighting
 + Level 3.3 Dodging
 + Level 4.3 Unarmed Combat
 + Level 3.5 Spellcasting
 * Level 4.1 Transmutations


You had 9 spell levels left.
You knew the following spells:

 Your Spells              Type           Power        Failure   Level  Hunger
a - Beastly Appendage     Tmut           ####..       1%          1    None
b - Spider Form           Tmut/Pois      ###.......   2%          3    ###....


Dungeon Overview and Level Annotations

Branches:
Dungeon (5/15)             Temple (1/1) D:4

Altars:
Ashenzari
Cheibriados
Dithmenos
Elyvilon
Fedhas
Gozag
Hepliaklqana
Makhleb
Nemelex Xobeh
Ru
Sif Muna
Trog
Vehumet
Yredelemnul
The Shining One

Annotations:
D:3 1 runed door


Innate Abilities, Weirdness & Mutations

You can breathe blasts of noxious fumes.
Your lurid green scales are hard. (AC +6)
You cannot fit into any form of body armour.
Your system is resistant to poisons. (rPois)
You are cold-blooded and may be slowed by cold attacks.
You have claws for feet.


Message History

You hit the scorpion zombie.
You claw the scorpion zombie, but do no damage.
The scorpion zombie is severely damaged.
You float gracefully downwards.
You feel sick.
You closely miss the scorpion zombie. You tail-slap the scorpion zombie.
The scorpion zombie is severely damaged.
The scorpion zombie hits you.
* * * LOW HITPOINT WARNING * * *
You hit the scorpion zombie but do no damage.
You claw the scorpion zombie.
The scorpion zombie is severely damaged.
You feel sick.
The scorpion zombie hits you but does no damage.
You closely miss the scorpion zombie. Your kick misses the scorpion zombie.
The scorpion zombie is severely damaged.
You barely miss the scorpion zombie.
You claw the scorpion zombie, but do no damage.
The scorpion zombie is severely damaged.
You feel sick. The scorpion zombie hits you.
You die...

+...8...# .......#
##############8...8##
#...#...#...#.......#
#.∩.'...8...#...8...#
#...#.......#...#...#
##'###8...8###'######
#...#.......#.^.#!!!#
#.∩.#...8..@Z...#M.!+
#...#...#...#...#.?.#
#####################


You could see a mummy and a scorpion zombie.

Vanquished Creatures
  2 ogres (D:4)
  2 scorpions (Ossuary)
  A bullfrog skeleton (D:4)
  Terence (D:3)
  A worker ant (D:2)
  Natasha (thrice) (D:3)
  A big kobold zombie (Ossuary)
  A hound skeleton (D:4)
  Robin (D:2)
  4 adders
  2 scorpion zombies (Ossuary)
  A shadow imp (D:5)
  2 oozes
  2 worms
  2 dart slugs
  2 leopard geckos
  An orc (D:4)
  A ball python (D:1)
  8 giant cockroaches
  12 goblins
  7 hobgoblins
  5 bats
  7 frilled lizards
  2 kobolds
  13 rats
84 creatures vanquished.

Vanquished Creatures (others)
  A fungus (D:3)
1 creature vanquished.

Grand Total: 85 creatures vanquished

Notes
Turn   | Place    | Note
-------+----------+-------------------------------------------
     0 | D:1      | KarvaRausku the Draconian Transmuter began the quest for the Orb.
     0 | D:1      | Reached XP level 1. HP: 16/16 MP: 3/3
   121 | D:1      | Reached XP level 2. HP: 19/23 MP: 3/5
   302 | D:1      | Found a shattered altar of Ashenzari.
   734 | D:2      | Reached XP level 3. HP: 16/28 MP: 4/6
   843 | D:2      | Noticed Robin
  1357 | D:2      | Reached XP level 4. HP: 8/36 MP: 7/7
  1795 | D:2      | Learned a level 3 spell: Spider Form
  1983 | D:2      | Killed Robin
  2113 | D:2      | Found a glowing golden altar of the Shining One.
  2540 | D:3      | Noticed Natasha
  2563 | D:3      | Killed Natasha
  2563 | D:3      | Reached XP level 5. HP: 37/42 MP: 7/9
  2594 | D:3      | Noticed Terence
  2615 | D:3      | Killed Terence
  2664 | D:3      | Noticed Natasha
  2681 | D:3      | Killed Natasha
  2803 | D:3      | Noticed Natasha
  2841 | D:3      | Killed Natasha
  3503 | D:3      | Found a runed door.
  3720 | D:4      | Found a staircase to the Ecumenical Temple.
  3749 | D:4      | Reached XP level 6. HP: 29/51 MP: 10/10
  4154 | D:4      | Found a white marble altar of Elyvilon.
  4190 | D:4      | Got a pitted spear
  4479 | Temple   | Entered the Ecumenical Temple
  4555 | Temple   | Became a worshipper of Sif Muna the Loreminder
  4577 | D:5      | Entered Level 5 of the Dungeon
  4594 | D:5      | Found a sand-covered staircase.
  4663 | Ossuary  | Entered an ossuary
  4684 | Ossuary  | Your scales start taking on a lurid green colour.
  4684 | Ossuary  | Reached XP level 7. HP: 33/59 MP: 9/12
  4684 | Ossuary  | Gained mutation: Your system is resistant to poisons. (rPois) [Green Draconian growth]
  4954 | Ossuary  | Slain by a scorpion zombie

Skill      XL: |  1  2  3  4  5  6  7 |
---------------+----------------------+-----
Dodging        | 2 3 |  3.3
Fighting       | 2 3 4 |  4.4
Spellcasting   | 3 |  3.5
Transmutations | 3 4 |  4.1
Unarmed Combat | 4 |  4.3

Action                   |  1- 3 |  4- 6 |  7- 9 || total
-------------------------+-------+-------+-------++-------
Melee: Unarmed           |   154 |   209 |    60 ||   423
       Kick              |    11 |    14 |    12 ||    37
       Tailslap          |    12 |    23 |    10 ||    45
       Headbutt          |     2 |    12 |       ||    14
       Punch             |     1 |     3 |       ||     4
 Cast: Beastly Appendage |    15 |    15 |     2 ||    32
       Spider Form       |       |     3 |     2 ||     5
  Use: Scroll            |     3 |     6 |       ||     9
       Potion            |     2 |     1 |     4 ||     7
 Stab: Sleeping          |       |     1 |       ||     1
  Eat: Chunk             |     1 |    11 |       ||    12
       Ration            |       |       |     1 ||     1
Armor: Skin              |    45 |    44 |     8 ||    97
Dodge: Dodged            |   122 |   117 |    32 ||   271
